 Dungeon Crawl Stone Soup version 0.16.2-2-g470672f (webtiles) character file.

772 CrazyArbalest the Bolt Thrower (level 7, 0/57 HPs)
             Began as a Centaur Hunter on Aug 21, 2015.
             Slain by a centaur (5 damage)
             ... on level 5 of the Dungeon.
             The game lasted 00:24:56 (5560 turns).

CrazyArbalest the Bolt Thrower (Centaur Hunter)     Turns: 5560, Time: 00:24:56

Health: 0/57       AC: 15    Str: 15    XL:     7   Next: 53%
Magic:  5/5        EV:  9    Int: 10    God:
Gold:   163        SH:  0    Dex: 11    Spells: 0 memorised, 6 levels left

rFire  . . .     SeeInvis .     J - +2 flail (protect)
rCold  . . .     Clarity  .     j - +0 ring mail
rNeg   . . .     SustAb   .     (no shield)
rPois  .         Gourm    .     v - +2 helmet
rElec  .         Spirit   .     (no cloak)
rCorr  .         Warding  .     z - +0 pair of gloves
rMut   .         Stasis   .     (no barding)
MR     .....                    (no amulet)
Stlth  ..........               (no ring)
                                (no ring)

@: very quick, not resistant to hostile enchantments, extremely unstealthy
A: hooves 3, deformed body, speed 2, tough skin 3
a: no special abilities


You were on level 5 of the Dungeon.
You were not hungry.

You visited 1 branch of the dungeon, and saw 5 of its levels.

You collected 163 gold pieces.

Inventory:

Hand weapons
 a - a +0 morningstar
 b - a +1 hand crossbow
 k - a +0 whip
 m - a +0 dagger of protection
 y - a +0 hand axe
 B - a +0 whip
 F - a +0 scythe of freezing
 J - a +2 flail of protection (weapon)
Missiles
 c - 47 bolts
Armour
 d - a +0 leather armour
 j - a +0 ring mail (worn)
 u - a +0 animal skin
 v - a +2 helmet (worn)
 z - a +0 pair of gloves (worn)
 A - a +0 ring mail
 C - a +0 ring mail
 K - a +0 ring mail
Jewellery
 i - an uncursed ring of see invisible {unknown}
 G - an uncursed amulet of regeneration {unknown}
Magical devices
 h - a wand of fireball (4)
 E - a wand of magic darts (30)
Scrolls
 e - a scroll of immolation {unknown}
 g - 2 scrolls of remove curse {unknown}
 o - a scroll of noise {unknown}
 p - 2 scrolls of fog {unknown}
 q - 4 scrolls of recharging {unknown}
 s - 2 scrolls of identify {unknown}
 D - a scroll of teleportation {unknown}
Potions
 r - a potion of curing
 t - a potion of heal wounds {unknown}
 w - a potion of lignification {unknown}
 x - 2 potions of magic {unknown}
 I - a potion of might
Comestibles
 f - 3 bread rations
 l - a beef jerky
 n - 2 meat rations
 H - 3 fruits
 L - a chunk of flesh


   Skills:
 + Level 3.2 Fighting
 + Level 2.6 Maces & Flails
 * Level 7.0 Crossbows
 + Level 2.3 Armour
 + Level 3.2 Dodging
 + Level 0.7 Stealth


You had 6 spell levels left.
You didn't know any spells.

Dungeon Overview and Level Annotations

Branches:
Dungeon (5/15)
 Temple: D:4-7

Altars:
Fedhas
Sif Muna
Vehumet


Innate Abilities, Weirdness & Mutations

You have hooves in place of feet.
Armour fits poorly on your strangely shaped body.
You cover ground very quickly.
You have extremely tough skin (AC +3).


Message History

The centaur shoots an arrow.
The arrow hits you!
* * * LOW HITPOINT WARNING * * *
You see here an arrow.
The centaur shoots an arrow.
The arrow hits you!
* * * LOW HITPOINT WARNING * * *
The centaur shoots an arrow.
The arrow hits you.
* * * LOW HITPOINT WARNING * * *
Found 11 gold pieces.
You see here an arrow.
The centaur unwields an uncursed shortbow.
The centaur hits you.
* * * LOW HITPOINT WARNING * * *
Drink which item? (? for menu, Esc to quit)
You feel better. The centaur hits you.
* * * LOW HITPOINT WARNING * * *
Wield which item (- for none, * to show all)? (? for menu, Esc to quit)
You feel protected!
J - a +2 flail of protection (weapon)
The centaur hits you.
You die...

..#.....#.# #
..#.###.#.## ..
..+.'.#{+..# .$..
#.#.###.#..#
#....######.#.....#..##
#.......!...###+####..#
#.................##..##
#..c...........###..#
#.[.@(.(.((..........
########.......####..
######'## #.> #.######.
#.....##. #####.##.
###.##( #.).... #.#....


You could see a centaur.

Vanquished Creatures
  Edmund (D:4)
  A phantom (D:4)
  Sigmund (D:4)
  A water moccasin zombie (D:5)
  A scorpion (D:4)
  2 hounds (D:4)
  An orc priest (D:3)
  2 worker ants
  Ijyb (D:4)
  Robin (D:3)
  9 adders
  A giant mite (D:2)
  2 worms
  An adder skeleton (D:4)
  5 giant geckos
  An ooze (D:1)
  4 orcs (D:3)
  3 ball pythons
  10 bats
  3 giant cockroaches
  29 goblins
  18 hobgoblins
  2 quokkas
  2 giant gecko skeletons (D:4)
  3 giant newts
  11 kobolds
  13 rats
129 creatures vanquished.

Notes
Turn   | Place    | Note
--------------------------------------------------------------
     0 | D:1      | CrazyArbalest, the Centaur Hunter, began the quest for the Orb.
     0 | D:1      | Reached XP level 1. HP: 17/17 MP: 1/1
   118 | D:1      | Reached XP level 2. HP: 22/24 MP: 2/2
   221 | D:1      | Reached skill level 5 in Crossbows
  1162 | D:2      | Reached XP level 3. HP: 25/29 MP: 3/3
  1696 | D:2      | Found a blossoming altar of Fedhas.
  1762 | D:2      | Found a radiant altar of Vehumet.
  1886 | D:2      | Reached XP level 4. HP: 24/36 MP: 3/3
  2243 | D:2      | Reached skill level 1 in Armour
  2518 | D:3      | Noticed Robin
  2739 | D:3      | Killed Robin
  2776 | D:3      | Reached skill level 1 in Maces & Flails
  2897 | D:3      | Reached XP level 5. HP: 39/42 MP: 4/4
  3022 | D:3      | HP: 2/42 [orc priest/nerve-wracking pain (6)]
  3971 | D:4      | Reached XP level 6. HP: 35/50 MP: 5/5
  4422 | D:4      | Noticed Sigmund
  4429 | D:4      | Noticed Ijyb
  4432 | D:4      | Killed Sigmund
  4432 | D:4      | Reached skill level 6 in Crossbows
  4446 | D:4      | Killed Ijyb
  4530 | D:4      | Noticed Edmund
  4788 | D:4      | Found a deep blue altar of Sif Muna.
  4907 | D:4      | Noticed a phantom
  4946 | D:4      | Killed a phantom
  4946 | D:4      | Reached XP level 7. HP: 29/57 MP: 5/5
  5269 | D:4      | Killed Edmund
  5374 | D:5      | Entered Level 5 of the Dungeon
  5408 | D:5      | Reached skill level 7 in Crossbows
  5413 | D:5      | Found a staircase to the Ecumenical Temple.
  5558 | D:5      | HP: 1/57 [centaur (3)]
  5560 | D:5      | Slain by a centaur

Action                   |  1- 3 |  4- 6 |  7- 9 || total
-------------------------+-------+-------+-------++-------
Melee: Whip              |   147 |   117 |       ||   264
       Short sword       |     2 |       |       ||     2
       Morningstar       |       |   145 |     1 ||   146
 Fire: Hand crossbow     |    15 |    42 |    32 ||    89
  Use: Potion            |     1 |     1 |     1 ||     3
  Eat: Chunk             |     3 |     8 |     2 ||    13
